 Dungeon Crawl Stone Soup version bcrawl-1.13.2 (webtiles) character file.

Game seed: 13885466961677175456

41 Revguard the Ducker (level 3, 0/26 HPs)
             Began as a Demonspawn Archaeologist on Aug 8, 2019.
             Slain by a hobgoblin
             ... wielding a +0 club
              (3 damage)
             ... on level 2 of the Dungeon.
             The game lasted 00:03:40 (1094 turns).

Revguard the Ducker (Demonspawn Archaeologist)      Turns: 1094, Time: 00:03:41

Health: 0/26       AC:  8    Str: 11    XL:     3   Next: 32%
Magic:  3/3        EV: 11    Int: 15    God:
Gold:   92         SH:  0    Dex: 12    Spells: 2/2 levels left

rFire    . . .     SeeInvis .   a - +0 whip
rCold    . . .     Gourm    .   (no shield)
rNeg     . . .     Faith    .   r - +0 ring mail
rPois    .         Spirit   .   c - +1 hat
rElec    .         Reflect  .   (no cloak)
rCorr    .         Harm     .   (no gloves)
MR       .....                  d - +1 pair of boots
Stlth    +.........             (no amulet)
HPRegen  0.08/turn              n - ring of flight
MPRegen  0.08/turn              (no ring)

@: studying Spellcasting
A: talons 1, powered by pain 1
a: Evoke Flight


You were on level 2 of the Dungeon.
You were hungry.

You visited 1 branch of the dungeon, and saw 2 of its levels.

You collected 92 gold pieces.

Inventory:

Hand Weapons
 a - a +0 whip (weapon)
Missiles
 i - 96 javelins (quivered)
Armour
 b - a +1 robe
 c - a +1 hat (worn)
 d - a +1 pair of boots (worn)
 r - a +0 ring mail (worn)
Jewellery
 n - a ring of flight (left hand)
Scrolls
 h - a scroll of amnesia {unknown}
 k - a scroll of fog {unknown}
 l - 3 scrolls of enchant weapon {unknown}
 m - 2 scrolls of remove curse {unknown}
 p - a scroll of blinking {unknown}
Potions
 j - a potion of heal wounds {unknown}
 o - 3 potions of curing {unknown}
Books
 e - a manual of Spellcasting
Miscellaneous
 f - an ancient crate
Comestibles
 g - 3 rations {!d}
 q - 4 chunks of flesh


   Skills:
 * Level 1.5 Fighting
 + Level 1.6 Maces & Flails
 * Level 1.1 Armour
 + Level 3.2 Dodging
 - Level 3.0 Stealth


You had 2 spell levels left.
You didn't know any spells.
Your spell library was empty.

Dungeon Overview and Level Annotations

Branches:
Dungeon (2/12)

Altars:


Innate Abilities, Weirdness & Mutations

You have sharp toenails.
You sometimes gain a little power by taking damage.


Message History

The hobgoblin barely misses you. The hobgoblin barely misses you.
The hobgoblin closely misses you. The hobgoblin hits you with a +0 club.
* * * LOW HITPOINT WARNING * * *
The hobgoblin hits you but does no damage.
The hobgoblin hits you but does no damage.
The hobgoblin closely misses you. The hobgoblin closely misses you.
The hobgoblin hits you but does no damage.
The hobgoblin hits you with a +0 club.
* * * LOW HITPOINT WARNING * * *
The hobgoblin hits you but does no damage.
The hobgoblin barely misses you. The hobgoblin barely misses you.
The hobgoblin hits you with a +0 club.
* * * LOW HITPOINT WARNING * * *
The hobgoblin closely misses you. The hobgoblin hits you with a +0 club.
You die...

#+#### #.#..
#.#.# ##.#.#
##....#
###...g.#
#....@..###..
....###.#......
. #.......#
#.###.#######
#.....# #####.#
#.# ###.######
#........#


You could see a hobgoblin.

Vanquished Creatures
  A dart slug (D:1)
  2 leopard geckos (D:1)
  An orc (D:2)
  A ball python (D:1)
  4 giant cockroaches (D:1)
  5 goblins (D:1)
  2 hobgoblins (D:1)
  2 kobolds
  A quokka (D:1)
  4 bats (D:1)
  3 frilled lizards (D:1)
  9 rats (D:1)
35 creatures vanquished.

Notes
Turn   | Place    | Note
-------+----------+-------------------------------------------
     0 | D:1      | Revguard the Demonspawn Archaeologist began the quest for
                  | the Orb.
     0 | D:1      | Reached XP level 1. HP: 15/15 MP: 1/1
    77 | D:1      | Reached skill level 1 in Maces & Flails
   175 | D:1      | Gained mutation: You sometimes gain a little power by
                  | taking damage. [demonic ancestry]
   175 | D:1      | Reached XP level 2. HP: 21/21 MP: 2/2
   494 | D:1      | Reached skill level 1 in Armour
   557 | D:1      | Gained mutation: You have sharp toenails. [demonic
                  | ancestry]
   557 | D:1      | Reached XP level 3. HP: 19/26 MP: 3/3
   558 | D:1      | Upgraded the game from bcrawl-1.13.1-9-ga81ed0b431 to
                  | bcrawl-1.13.2
  1094 | D:2      | Slain by a hobgoblin

Skill      XL: |  1  2 |
---------------+-------+-----
Maces & Flails | 1 |  1.6
Dodging        | 3 |  3.2
Armour         | 1 |  1.1
Fighting       | |  1.5
Stealth        | |  3.0

Action                   || total
-------------------------++-------
Melee: Whip              ||   147
Throw: Javelin           ||    11
 Stab: Sleeping          ||     2
Armor: Robe              ||    59
       Ring mail         ||    32
Dodge: Dodged            ||   197
